3L
SEATTLE ROCKETEERS @ PANAMA CITY PIRANHAS
09/06/2039
 
TOP OF THE 1ST
Seattle Rocketeers batting - Pitching for Panama City Piranhas : RHP Juan Contreras
Pitching: RHP Juan Contreras
Batting: SHB Glyn Bolasky 0-0: Ball
1-0: Ball
2-0: Foul Ball, location: 2F
2-1: Swinging Strike
2-2: Ball
3-2: Ground out 3-1 (Groundball, 34, EV 89.4 MPH)
Batting: LHB Murray Sperber 0-0: Called Strike
0-1: Ground out 6-3 (Groundball, 6M, EV 103.1 MPH)
Batting: RHB Jurgen Flurgenburgen 0-0: Called Strike
0-1: Ground out 6-3 (Groundball, 4MS, EV 86.9 MPH)
Top of the 1st over - 0 runs, 0 hits, 0 errors, 0 left on base; Seattle 0 - Panama City 0
BOTTOM OF THE 1ST
Panama City Piranhas batting - Pitching for Seattle Rocketeers : RHP Domingo Ramírez
Pitching: RHP Domingo Ramírez
Batting: RHB Chrysler Rodriguez 0-0: Called Strike
0-1: Called Strike
0-2: Foul Ball, location: 2F
0-2: Ball
1-2: Foul Ball, location: 2F
1-2: Ball
2-2: Foul Ball, location: 2F
2-2: Foul Ball, location: 2F
2-2: Ground out 6-3 (Groundball, 6, EV 82.5 MPH)
Batting: RHB Kieran Hansen 0-0: Ball
1-0: SINGLE (Line Drive, 9S, EV 98.8 MPH)
Batting: RHB António Mendoza 0-0: Ball
1-0: Ball
2-0: Ball
3-0: Base on Balls
Kieran Hansen to second
Batting: SHB Ben Boston 0-0: SINGLE (Groundball, 4MD, EV 99.4 MPH)
Kieran Hansen to third
António Mendoza to second
Runner from 3rd tries for Home, throw by CF and OUT! 8-2
Batting: LHB José Ocasio 0-0: Ground out 3-1 (Groundball, 34S, EV 90.0 MPH)
Bottom of the 1st over - 0 runs, 2 hits, 0 errors, 2 left on base; Seattle 0 - Panama City 0
TOP OF THE 2ND
Seattle Rocketeers batting - Pitching for Panama City Piranhas : RHP Juan Contreras
Batting: RHB Meester Gobbles-Rooster 0-0: Ball
1-0: Ground out 6-3 (Groundball, 6, EV 92.5 MPH)
Batting: RHB Alain Grosjean 0-0: Called Strike
0-1: Ball
1-1: Ball
2-1: Swinging Strike
2-2: SINGLE (Flyball, 9LS, EV 88.8 MPH) - OUT at second base trying to stretch hit.
Batting: RHB Claudio Tappen 0-0: Called Strike
0-1: Ball
1-1: Swinging Strike
1-2: Ball
2-2: Ball
3-2: Foul Ball, location: 2F
3-2: Base on Balls
Batting: RHB Bastiaan Pieterse 0-0: Ball
Claudio Tappen steals 2nd base
1-0: Ground out 4-3 (Groundball, 4, EV 93.1 MPH)
Top of the 2nd over - 0 runs, 1 hit, 0 errors, 1 left on base; Seattle 0 - Panama City 0
BOTTOM OF THE 2ND
Panama City Piranhas batting - Pitching for Seattle Rocketeers : RHP Domingo Ramírez
Batting: RHB Craig Tricket 0-0: Ball
1-0: Ball
2-0: Ball
3-0: Called Strike
3-1: Ground out 4-3 (Groundball, 34, EV 90.6 MPH)
Batting: RHB Arsenio Laurel 0-0: Called Strike
0-1: Foul Ball, location: 2F
0-2: Ball
1-2: Ground out 6-3 (Groundball, 6M, EV 103.1 MPH)
Batting: RHB Rodney Clancy 0-0: Foul Ball, location: 2F
0-1: Ball
1-1: Swinging Strike
1-2: Strikes out looking
Bottom of the 2nd over - 0 runs, 0 hits, 0 errors, 0 left on base; Seattle 0 - Panama City 0
TOP OF THE 3RD
Seattle Rocketeers batting - Pitching for Panama City Piranhas : RHP Juan Contreras
Batting: SHB Charles Geudre 0-0: Called Strike
0-1: SINGLE (Groundball, 34, EV 81.9 MPH) (infield hit)
Batting: SHB Lodd Felton 0-0: Ball
1-0: Foul Ball, location: 2F
1-1: Foul Ball, location: 2F
1-2: Foul Ball, location: 2F
1-2: Ball
2-2: Fielders Choice at 2nd, 4-6 (Groundball, 4, EV 100.6 MPH)
Batting: SHB Glyn Bolasky 0-0: Called Strike
0-1: Fly out, F7 (Flyball, 7LD, EV 100.6 MPH)
Batting: LHB Murray Sperber 0-0: Ball
1-0: Called Strike
1-1: SINGLE (Groundball, 4M, EV 101.2 MPH) (infield hit)
Lodd Felton to second
Batting: RHB Jurgen Flurgenburgen 0-0: Fly out, F9 (Line Drive, 9, EV 94.4 MPH)
Top of the 3rd over - 0 runs, 2 hits, 0 errors, 2 left on base; Seattle 0 - Panama City 0
BOTTOM OF THE 3RD
Panama City Piranhas batting - Pitching for Seattle Rocketeers : RHP Domingo Ramírez
Batting: RHB Bruno Williams 0-0: Ground out 5-3 (Groundball, 5L, EV 80.6 MPH)
Batting: RHB Chrysler Rodriguez 0-0: Swinging Strike
0-1: Ground out 6-3 (Groundball, 6, EV 102.5 MPH)
Batting: RHB Kieran Hansen 0-0: Called Strike
0-1: Ball
1-1: Foul Ball, location: 2F
1-2: Ball
2-2: Ball
3-2: SINGLE (Line Drive, 9S, EV 105.6 MPH)
Batting: RHB António Mendoza 0-0: Ball
1-0: Called Strike
1-1: Foul Ball, location: 2F
1-2: Ball
2-2: Foul Ball, location: 2F
2-2: Foul Ball, location: 2F
2-2: Ground out 4-3 (Groundball, 4, EV 81.9 MPH)
Bottom of the 3rd over - 0 runs, 1 hit, 0 errors, 1 left on base; Seattle 0 - Panama City 0
TOP OF THE 4TH
Seattle Rocketeers batting - Pitching for Panama City Piranhas : RHP Juan Contreras
Batting: RHB Meester Gobbles-Rooster 0-0: Called Strike
0-1: Ball
1-1: Called Strike
1-2: Ball
2-2: Foul Ball, location: 2F
2-2: Ground out 1-3 (Groundball, 13, EV 92.5 MPH)
Batting: RHB Alain Grosjean 0-0: SINGLE (Line Drive, 4MD, EV 96.9 MPH)
Batting: RHB Claudio Tappen 0-0: Called Strike
0-1: Ball
1-1: Called Strike
Alain Grosjean steals 2nd base
1-2: Strikes out looking
Batting: RHB Bastiaan Pieterse 0-0: Fly out, F8 (Flyball, 8LM, EV 80.6 MPH)
Top of the 4th over - 0 runs, 1 hit, 0 errors, 1 left on base; Seattle 0 - Panama City 0
BOTTOM OF THE 4TH
Panama City Piranhas batting - Pitching for Seattle Rocketeers : RHP Domingo Ramírez
Batting: SHB Ben Boston 0-0: Ball
1-0: Ball
2-0: Foul Ball, location: 2F
2-1: Ball
3-1: Base on Balls
Batting: LHB José Ocasio 0-0: Grounds into double play, 5-4-3 (Groundball, 56, EV 97.5 MPH)
Batting: RHB Craig Tricket 0-0: Ball
1-0: Foul Ball, location: 2F
1-1: Swinging Strike
1-2: Ball
2-2: SOLO HOME RUN (Flyball, 7D, EV 98.8 MPH), Distance : 359 ft
Batting: RHB Arsenio Laurel 0-0: Ball
1-0: Called Strike
1-1: Called Strike
1-2: Strikes out swinging
Bottom of the 4th over - 1 run, 1 hit, 0 errors, 0 left on base; Seattle 0 - Panama City 1
TOP OF THE 5TH
Seattle Rocketeers batting - Pitching for Panama City Piranhas : RHP Juan Contreras
Batting: SHB Charles Geudre 0-0: Ball
1-0: Foul Ball, location: 2F
1-1: Ground out 5-3 (Groundball, 5, EV 110.0 MPH)
Batting: SHB Lodd Felton 0-0: Ball
1-0: Called Strike
1-1: Foul Ball, location: 2F
1-2: Foul Ball, location: 2F
1-2: Foul Ball, location: 2F
1-2: Ball
2-2: Ground out 5-3 (Groundball, 5, EV 88.1 MPH)
Batting: SHB Glyn Bolasky 0-0: Ground out 1-3 (Groundball, 13, EV 88.1 MPH)
Top of the 5th over - 0 runs, 0 hits, 0 errors, 0 left on base; Seattle 0 - Panama City 1
BOTTOM OF THE 5TH
Panama City Piranhas batting - Pitching for Seattle Rocketeers : RHP Domingo Ramírez
Batting: RHB Rodney Clancy 0-0: Ball
1-0: DOUBLE (Flyball, 89XD, EV 108.1 MPH)
Batting: RHB Bruno Williams 0-0: Ball
1-0: Ball
2-0: Ball
3-0: Base on Balls
Batting: RHB Chrysler Rodriguez 0-0: Ball
1-0: Ball
2-0: Called Strike
2-1: Foul Ball, location: 2F
2-2: Ball
3-2: Foul Ball, location: 2F
3-2: Strikes out looking
Batting: RHB Kieran Hansen 0-0: Ball
1-0: Grounds into double play, 4-6-3 (Groundball, 4S, EV 91.2 MPH)
Bottom of the 5th over - 0 runs, 1 hit, 0 errors, 1 left on base; Seattle 0 - Panama City 1
TOP OF THE 6TH
Seattle Rocketeers batting - Pitching for Panama City Piranhas : RHP Juan Contreras
Batting: LHB Murray Sperber 0-0: Ground out 4-3 (Groundball, 34, EV 97.5 MPH)
Batting: RHB Jurgen Flurgenburgen 0-0: Ball
1-0: Called Strike
1-1: Ball
2-1: Ball
3-1: Swinging Strike
3-2: SINGLE (Flyball, 7S, EV 94.4 MPH)
Batting: RHB Meester Gobbles-Rooster 0-0: Ball
1-0: Called Strike
Jurgen Flurgenburgen steals 2nd base (no throw)
1-1: Fly out, F8 (Flyball, 8LXD, EV 105.6 MPH)
Batting: RHB Alain Grosjean 0-0: Foul Ball, location: 2F
0-1: SINGLE (Line Drive, 78M, EV 83.8 MPH)
Jurgen Flurgenburgen to third
Runner from 3rd tries for Home, SAFE, no throw by LF
Batting: RHB Claudio Tappen 0-0: Ball
1-0: Ball
2-0: Swinging Strike
2-1: Foul Ball, location: 2F
2-2: Ball
3-2: Foul Ball, location: 2F
3-2: Strikes out looking
Top of the 6th over - 1 run, 2 hits, 0 errors, 1 left on base; Seattle 1 - Panama City 1
BOTTOM OF THE 6TH
Panama City Piranhas batting - Pitching for Seattle Rocketeers : RHP Domingo Ramírez
Batting: RHB António Mendoza 0-0: Ball
1-0: Called Strike
1-1: Ball
2-1: Foul Ball, location: 2F
2-2: Foul Ball, location: 2F
2-2: Foul Ball, location: 2F
2-2: SINGLE (Groundball, 34D, EV 106.9 MPH)
Batting: SHB Ben Boston 0-0: Swinging Strike
0-1: Ball
1-1: Called Strike
1-2: Foul Ball, location: 2F
1-2: Ball
2-2: Ball
Wild Pitch!
António Mendoza to second
3-2: Base on Balls
Pitching: RHP Suhaila Zainuddin
Batting: LHB José Ocasio 0-0: Ball
1-0: Ball
2-0: Fly out, F8 (Flyball, 8RXD, EV 105.6 MPH)
Runner from 2nd tags up, SAFE at 3rd, no throw by CF
Batting: RHB Craig Tricket 0-0: Grounds into double play, 1-4-3 (Groundball, 15S, EV 64.4 MPH)
Bottom of the 6th over - 0 runs, 1 hit, 0 errors, 1 left on base; Seattle 1 - Panama City 1
TOP OF THE 7TH
Seattle Rocketeers batting - Pitching for Panama City Piranhas : RHP Juan Contreras
Batting: RHB Bastiaan Pieterse 0-0: Ball
1-0: Ball
2-0: Ground out U3 (Groundball, 34S, EV 85.0 MPH)
Batting: SHB Charles Geudre 0-0: Ball
1-0: SINGLE (Groundball, 6MD, EV 99.4 MPH)
Batting: SHB Lodd Felton 0-0: Ball
1-0: Ball
2-0: Fly out, F5 (Line Drive, 5, EV 65.0 MPH)
Batting: SHB Glyn Bolasky 0-0: Ball
1-0: Ball
2-0: Called Strike
2-1: Ball
3-1: 2-RUN HOME RUN (Flyball, 78XD, EV 108.1 MPH), Distance : 404 ft
Pitching: RHP Vadim Rajnev
Batting: LHB Murray Sperber 0-0: Called Strike
0-1: Ground out U3 (Groundball, 3, EV 79.4 MPH)
Top of the 7th over - 2 runs, 2 hits, 0 errors, 0 left on base; Seattle 3 - Panama City 1
BOTTOM OF THE 7TH
Panama City Piranhas batting - Pitching for Seattle Rocketeers : RHP Suhaila Zainuddin
Batting: RHB Arsenio Laurel 0-0: Ball
1-0: Ball
2-0: Called Strike
2-1: Ball
3-1: Base on Balls
Batting: RHB Rodney Clancy 0-0: Ball
1-0: Ball
2-0: Foul Ball, location: 2F
2-1: Fielders Choice at 2nd, 6-4 (Groundball, 6MS, EV 81.9 MPH)
Batting: RHB Bruno Williams 0-0: Ball
1-0: Ball
2-0: Called Strike
2-1: Foul Ball, location: 2F
2-2: Strikes out swinging
Batting: RHB Chrysler Rodriguez 0-0: Ball
1-0: Ball
2-0: Ball
3-0: Base on Balls
Rodney Clancy to second
Batting: RHB Kieran Hansen 0-0: Foul Ball, location: 2F
0-1: Ball
1-1: Ball
2-1: Swinging Strike
2-2: Foul Ball, location: 2F
2-2: Foul Ball, location: 2F
2-2: Fly out, F8 (Flyball, 8RD, EV 98.8 MPH)
Bottom of the 7th over - 0 runs, 0 hits, 0 errors, 2 left on base; Seattle 3 - Panama City 1
TOP OF THE 8TH
Seattle Rocketeers batting - Pitching for Panama City Piranhas : RHP Vadim Rajnev
Now in LF: Silvio Bonauiti
Batting: RHB Jurgen Flurgenburgen 0-0: Swinging Strike
0-1: Foul Ball, location: 2F
0-2: Ball
1-2: Ground out 6-3 (Groundball, 6, EV 80.0 MPH)
Batting: RHB Meester Gobbles-Rooster 0-0: Ball
1-0: SINGLE (Line Drive, 9S, EV 106.9 MPH)
Batting: RHB Alain Grosjean 0-0: Ball
1-0: Called Strike
1-1: Ball
2-1: Foul Ball, location: 2F
2-2: SINGLE (Groundball, 4MD, EV 103.8 MPH)
Meester Gobbles-Rooster to second
Batting: RHB Claudio Tappen 0-0: Ball
1-0: Called Strike
1-1: Swinging Strike
1-2: Strikes out swinging
Batting: RHB Bastiaan Pieterse 0-0: Foul Ball, location: 2F
0-1: Called Strike
0-2: Strikes out swinging
Top of the 8th over - 0 runs, 2 hits, 0 errors, 2 left on base; Seattle 3 - Panama City 1
BOTTOM OF THE 8TH
Panama City Piranhas batting - Pitching for Seattle Rocketeers : RHP Suhaila Zainuddin
Batting: RHB António Mendoza 0-0: Foul Ball, location: 2F
0-1: Fly out, F3 (Line Drive, 3, EV 62.5 MPH)
Batting: SHB Ben Boston 0-0: Ball
1-0: Foul Ball, location: 2F
1-1: Ball
2-1: Fly out, F4 (Popup, 34S, EV 90.6 MPH)
Batting: LHB José Ocasio 0-0: Called Strike
0-1: Ball
1-1: Fly out, F9 (Line Drive, 9, EV 94.4 MPH)
Bottom of the 8th over - 0 runs, 0 hits, 0 errors, 0 left on base; Seattle 3 - Panama City 1
TOP OF THE 9TH
Seattle Rocketeers batting - Pitching for Panama City Piranhas : RHP Vadim Rajnev
Batting: SHB Charles Geudre 0-0: Called Strike
0-1: Ground out 6-3 (Groundball, 6M, EV 103.8 MPH)
Batting: SHB Lodd Felton 0-0: Ball
1-0: Called Strike
1-1: Ball
2-1: Ball
3-1: Foul Ball, location: 2F
3-2: Foul Ball, location: 2F
3-2: Base on Balls
Batting: SHB Glyn Bolasky 0-0: Ball
1-0: Ball
2-0: Called Strike
2-1: Fielders Choice at 2nd, 5-4 (Groundball, 56, EV 90.0 MPH)
Batting: LHB Murray Sperber 0-0: Called Strike
0-1: SINGLE (Groundball, 3L, EV 81.9 MPH) (infield hit)
Glyn Bolasky to second
Batting: RHB Jurgen Flurgenburgen 0-0: Ball
1-0: Ball
2-0: SINGLE (Line Drive, 6MD, EV 95.6 MPH)
Glyn Bolasky to third
Murray Sperber to second
Runner from 3rd tries for Home, SAFE, throw by CF to home
Batting: RHB Meester Gobbles-Rooster 0-0: Called Strike
0-1: Ball
1-1: Fly out, F8 (Flyball, 8LXD, EV 83.8 MPH)
Top of the 9th over - 1 run, 2 hits, 0 errors, 2 left on base; Seattle 4 - Panama City 1
BOTTOM OF THE 9TH
Panama City Piranhas batting - Pitching for Seattle Rocketeers : RHP Suhaila Zainuddin
Pitching: RHP Min-chor Chon
Batting: RHB Craig Tricket 0-0: Ground out 6-3 (Groundball, 6, EV 110.0 MPH)
Batting: RHB Silvio Bonauiti 0-0: Ball
1-0: Reached on error, E5 (Groundball, 56S, EV 87.5 MPH)
Batting: RHB Rodney Clancy 0-0: Called Strike
0-1: Ball
1-1: Ball
2-1: Ball
3-1: Grounds into double play, 6-4-3 (Groundball, 6, EV 83.8 MPH)
Bottom of the 9th over - 0 runs, 0 hits, 1 error, 0 left on base; Seattle 4 - Panama City 1
Wednesday, July 8th, 2020 - OOTP Baseball 20.8 Build 74